 Dungeon Crawl Stone Soup version 0.31-a0-963-ga325b2283a (webtiles) character file.

Game seed: 7732800286117054865

258208 OSaftLP the Slayer (level 19, -16/200 HPs)
             Began as a Minotaur Berserker on Oct 22, 2023.
             Was the Champion of Trog.
             Demolished by a +4 glaive of flaming (22 damage)
             ... on level 2 of the Elven Halls on Oct 24, 2023.
             The game lasted 02:32:51 (32425 turns).

OSaftLP the Slayer (Minotaur Berserker)            Turns: 32425, Time: 02:32:52

Health: -16/200    AC: 40    Str: 40    XL:     19   Next: 11%
Magic:  18/18      EV: 11    Int:  3    God:    Trog [******]
Gold:   3399       SH:  0    Dex:  9    Spells: 18/18 levels left

rFire   . . .        z - +7 executioner's axe (flame)
rCold   + . .        (shield currently unavailable)
rNeg    . . .        T - +10 plate armour {ponderous}
rPois   .            h - +2 hat {Will+}
rElec   .            r - +1 cloak
rCorr   .            m - +0 pair of gloves
SInv    .            O - +0 pair of boots
Will    +++..        x - amulet of regeneration Stlth
                     v - +6 ring of strength
HPRegen 1.33/turn    L - ring of willpower
MPRegen 0.16/turn

%: no passive effects
@: lethally poisoned (-16 -> -17), about to teleport, on berserk cooldown,
slowed, very slow
A: horns 2, retaliatory headbutt, talons 1, iridescent scales 1, cold resistance
1, strong 1
}: 2/15 runes: barnacled, gossamer
a: Renounce Religion, Berserk, Trog's Hand, Brothers in Arms


You were on level 2 of the Elven Halls.
You worshipped Trog.
Trog was exalted by your worship.
You visited 6 branches of the dungeon, and saw 32 of its levels.

You collected 4722 gold pieces.
You spent 1323 gold pieces at shops.

Inventory:

Hand Weapons
 z - a +7 executioner's axe of flaming (weapon)
Missiles
 J - 6 throwing nets
 W - 10 poisoned darts
Armour
 h - a +2 hat of willpower (worn)
 m - a +0 pair of gloves (worn)
 r - a +1 cloak (worn)
 A - a +1 plate armour of poison resistance
 O - a +0 pair of boots (worn)
 T - a +10 plate armour of ponderousness (worn)
Jewellery
 a - a +4 ring of protection
 v - a +6 ring of strength (left hand)
 w - a +4 ring of protection
 x - an amulet of regeneration (around neck)
 y - a ring of see invisible
 L - a ring of willpower (right hand)
 P - a ring of resist corrosion
 Q - a +6 ring of strength
 R - a ring of poison resistance
Wands
 g - a wand of digging (13)
 o - a wand of paralysis (31)
 u - a wand of light (23)
 B - a wand of flame (58)
 D - a wand of mindburst (24)
 F - a wand of polymorph (19)
 I - a wand of iceblast (34)
Scrolls
 b - a scroll of immolation
 c - a scroll of silence
 e - 13 scrolls of teleportation
 k - 2 scrolls of fear
 p - 21 scrolls of identify
 q - 3 scrolls of revelation
 H - 2 scrolls of poison
 V - a scroll of summoning
Potions
 d - 4 potions of berserk rage
 f - 3 potions of curing
 l - 3 potions of invisibility
 n - 3 potions of enlightenment
 s - 11 potions of haste
 t - 2 potions of lignification
 C - 2 potions of might
 E - 4 potions of brilliance
 G - 5 potions of ambrosia
 K - 3 potions of resistance
 M - 2 potions of magic
 N - 4 potions of mutation
 S - 2 potions of cancellation
 U - 4 potions of heal wounds
Miscellaneous
 i - a phial of floods
 j - a condenser vane (inert)


   Skills:
 + Level 24.7 Fighting
 - Level 24.0 Axes
 + Level 21.3 Armour
 + Level 7.1 Dodging
 + Level 3.0 Stealth
 + Level 5.0 Shields
 + Level 0.5 Evocations


You had 18 spell levels left.
You didn't know any spells.
Your spell library was empty.

Dungeon Overview and Level Annotations

Branches:
Dungeon (15/15)            Temple (0/1) D:6            Lair (5/5) D:9
 Shoals (4/4) Lair:2       Spider (4/4) Lair:2        Slime (0/5) Lair:4
    Orc (2/2) D:10            Elf (2/3) Orc:2        Vaults (0/5) D:14
 Depths (0/4) D:15

Altars:
Cheibriados
Makhleb
Trog
Wu Jian
Xom
Yredelemnul
Jiyva

Shops:
D:6 *[*=(   D:8 =   D:9 =   D:10 (   D:12 *   Orc:2 *=([*   Shoals:2 =

Portals:
Trove: D:11 (give +2 gold dragon scales)


Innate Abilities, Weirdness & Mutations

You have a pair of horns on your head.
You reflexively headbutt those who attack you in melee.
You have sharp toenails.
You are partially covered in iridescent scales. (AC +2)
Your flesh is cold resistant. (rC+)
Your muscles are strong. (Str +4, Int/Dex -1)


Message History

The deep elf knight moves out of view.
The +4 glaive of flaming moves out of view.
You feel extremely sick.
A deep elf zephyrmancer comes into view.
It is wielding a +0 rapier.
You feel extremely sick.
The deep elf pyromancer mumbles some strange words.
The deep elf pyromancer blinks!
You're too confused to move!
You feel very sick.
A +5 long sword of holy wrath comes into view.
The +0 heavy war axe hits you.
* * * LOW HITPOINT WARNING * * *
You feel less invigorated.
You feel less confused.
You feel very sick.
The deep elf zephyrmancer gestures wildly while chanting.
The deep elf zephyrmancer blinks!
The +4 glaive of flaming closely misses you.
The +0 heavy war axe hits you!
* * * LOW HITPOINT WARNING * * *
The +4 glaive of flaming closely misses you.
As you read the scroll of fear, it crumbles to dust.
You assume a fearsome visage.
The +4 glaive of flaming is unaffected.
The deep elf pyromancer looks frightened!
The +5 long sword of holy wrath is unaffected.
The deep elf zephyrmancer easily resists.
The +0 heavy war axe is unaffected.
You feel sick. The +0 heavy war axe hits you.
* * * LOW HITPOINT WARNING * * *
The deep elf pyromancer gestures wildly while chanting.
The deep elf pyromancer blinks!
The +4 glaive of flaming hits you but does no damage.
A +1 vampiric quick blade comes into view.
As you read the scroll of teleportation, it crumbles to dust.
You feel strangely unstable.
You feel sick.
The +0 heavy war axe hits you but does no damage.
The +5 long sword of holy wrath hits you!
* * * LOW HITPOINT WARNING * * *
The +4 glaive of flaming hits you from afar!!
You die...

(EE.# ... .e((# .°..
.e..##e°....
..)))°○.....# ### ##
###))ee......###.###.###.
#......................
.......................
.............(..........
.e........(..e.(@........
................(........
.........................
.........................
................
................
..........e.....
................
........###.....


You could see a deep elf pyromancer (fleeing), a deep elf zephyrmancer and 4
dancing weapons.

Vanquished Creatures
  Nikola (Shoals:4)
  Rupert (Lair:3)
  Asterion (Spider:2)
  Mlioglotl (Spider:3)
  A deep elf blademaster (Elf:2)
  Gastronok (D:8)
  Kirke (Lair:3)
  Donald (Orc:2)
  Polyphemus (Shoals:3)
  3 emperor scorpions (Spider:4)
  2 frost giants (Shoals:3)
  Louise (Shoals:4)
  4 ghost moths
  2 orc warlords
  A broodmother (Spider:2)
  A formless jellyfish (Shoals:3)
  2 spark wasps (Spider:2)
  A deep elf annihilator (Elf:1)
  Snorg (Lair:4)
  3 merfolk javelineers (Shoals:4)
  2 deep elf death magi
  3 entropy weavers
  8 merfolk impalers
  2 fire dragons
  Fannar (D:10)
  Harold (Lair:1)
  An ice dragon (Lair:3)
  8 hydras
  2 rakshasas (D:15)
  7 catoblepae
  3 boulder beetles
  A jorogumo (Spider:4)
  2 ogre magi (D:13)
  An alligator snapping turtle (Shoals:2)
  5 centaur warriors
  5 merfolk aquamancers
  2 satyrs
  A radroach (Spider:2)
  3 two-headed ogres
  17 death yaks
  2 death scarabs
  A tengu warrior (D:12)
  A deep troll earth mage (D:14)
  3 demonic crawlers
  A deep troll shaman (Lair:5)
  11 dancing weapons
  Urug (Orc:2)
  2 occultists (D:15)
  2 orc high priests
  13 deep elf knights
  4 skysharks
  9 pharaoh ants
  3 skeletal warriors (D:15)
  Lodul (D:10)
  9 sea snakes
  12 orb spiders
  23 deep elf pyromancers
  20 deep elf zephyrmancers
  9 deep elf archers
  A harpy (shapeshifter) (D:13)
  2 kraken simulacra
  An arcanist (Elf:1)
  10 steelbarb worms
  17 harpies
  7 orc knights
  A necromancer (D:15)
  23 ugly things
  16 wolf spiders
  An oklob plant (Lair:3)
  A moth of wrath (Spider:4)
  5 orc sorcerers
  17 manticores
  17 fauns
  A centaur zombie (D:15)
  8 cyclopes
  9 elephants
  4 black mambas
  Maurice (Orc:2)
  7 merfolk sirens
  5 torpor snails
  3 water nymphs
  A gargoyle (D:10)
  An unseen horror (D:12)
  A centaur skeleton (D:15)
  12 komodo dragons
  12 cane toads
  4 kobold demonologists
  4 rime drakes
  A yaktaur (D:14)
  3 tengu conjurers
  10 trolls
  32 merfolk
  10 meliai
  8 hornets
  3 polar bears
  4 wind drakes
  22 tarantellas
  21 blink frogs
  5 dream sheep (Lair:5)
  4 snapping turtles
  A culicivora (shapeshifter) (D:13)
  22 jumping spiders
  20 water elementals
  18 slime creatures
  6 wyverns
  2 shadows (D:10)
  A vampire (D:9)
  16 culicivoras
  3 wraiths
  2 fire bats (Lair:4)
  4 basilisks
  32 yaks
  2 hogs (Lair:4)
  3 steam dragons
  56 redbacks
  An alligator snapping turtle simulacrum (Shoals:3)
  A sea snake simulacrum (Shoals:3)
  A fire elemental (Elf:1)
  2 death yak simulacra (Shoals:3)
  6 wargs
  A vampire mosquito (D:13)
  2 acid dragons
  A water moccasin (shapeshifter) (D:13)
  A harpy simulacrum (Shoals:3)
  11 water moccasins
  2 ice beasts
  A swamp drake (shapeshifter) (Elf:1)
  46 orc warriors
  A sky beast (D:8)
  2 black bears
  25 wolves
  15 ogres
  3 boggarts (D:14)
  7 centaurs
  4 phantoms
  3 kobold brigands
  8 bullfrogs
  A gnoll sergeant (D:11)
  4 faun simulacra (Shoals:3)
  2 merfolk simulacra (Shoals:3)
  2 scorpions
  2 earth elementals
  4 snapping turtle simulacra (Shoals:3)
  26 killer bees
  4 manticore simulacra (Shoals:3)
  6 howler monkeys
  5 electric eels
  A lava snake (D:10)
  2 jellies
  A hound (D:3)
  32 orc priests
  2 cyclops simulacra (Shoals:3)
  A sleepcap (D:6)
  Terence (D:3)
  7 iguanas
  27 orc wizards
  A boggart skeleton (D:15)
  A centaur simulacrum (Shoals:3)
  3 adders
  9 gnolls
  3 shadow imps
  A white imp (D:7)
  2 ufetubi (D:5)
  3 worms
  3 dart slugs
  67 orcs
  3 ball pythons
  3 bats
  An endoplasm (D:3)
  6 giant cockroaches
  11 goblins
  7 hobgoblins
  6 jackals
  22 kobolds
  2 quokkas
  2 frilled lizards (D:2)
  4 rats
  A butterfly (D:6)
  A tentacle (Shoals:4)
1171 creatures vanquished.

Vanquished Creatures (others)
  An occultist (Elf:1)
  A jumping spider (Spider:2)
  A human (Lair:4)
  2 boggarts
  An orc wizard (D:8)
  11 tentacles
17 creatures vanquished.

Grand Total: 1188 creatures vanquished

Notes
Turn   | Place    | Note
-------+----------+-------------------------------------------
     0 | D:1      | OSaftLP the Minotaur Berserker began the quest for the Orb.
     0 | D:1      | Reached XP level 1. HP: 19/19 MP: 0/0
    33 | D:1      | Gained mutation: You have sharp toenails. [potion of
                  | mutation]
    33 | D:1      | Gained mutation: Your flesh is cold resistant. (rC+)
                  | [potion of mutation]
    33 | D:1      | Gained mutation: Your muscles are strong. (Str +4, Int/Dex
                  | -1) [potion of mutation]
    33 | D:1      | Gained mutation: You are partially covered in iridescent
                  | scales. (AC +2) [potion of mutation]
   175 | D:1      | Reached XP level 2. HP: 27/27 MP: 1/1
   578 | D:2      | Reached XP level 3. HP: 33/33 MP: 2/2
   943 | D:2      | Found a shimmering altar of Xom.
  1523 | D:3      | Reached XP level 4. HP: 23/41 MP: 3/3
  1527 | D:3      | Reached skill level 5 in Axes
  1579 | D:3      | Reached ** piety under Trog
  1903 | D:3      | Reached XP level 5. HP: 47/47 MP: 4/4
  1904 | D:3      | Noticed Terence
  1915 | D:3      | Killed Terence
  2038 | D:3      | Identified a scroll of acquirement
  2038 | D:3      | Acquired 935 gold pieces
  2090 | D:3      | Found a faded altar of an unknown god.
  2630 | D:4      | Reached XP level 6. HP: 50/53 MP: 5/5
  2691 | D:4      | Reached skill level 1 in Shields
  2743 | D:4      | Reached skill level 5 in Armour
  2850 | D:5      | Entered Level 5 of the Dungeon
  2860 | D:5      | Reached XP level 7. HP: 58/60 MP: 6/6
  2940 | D:5      | Reached skill level 5 in Fighting
  2948 | D:5      | HP: 3/91 [orc priest/divine providence (12)]
  3564 | D:5      | Reached *** piety under Trog
  3720 | D:5      | Reached XP level 8. HP: 29/68 MP: 7/7
  3723 | D:5      | Upgraded the game from 0.31-a0-955-gcb8bc90ed4 to
                  | 0.31-a0-963-ga325b2283a
  3972 | D:6      | Found Timmim's Assorted Antiques.
  4218 | D:6      | Found Igge's General Store.
  4237 | D:6      | Identified the +6 rapier of Disorder {freeze, Str+4 Dex+2}
  4266 | D:6      | Found Imuit's Jewellery Emporium.
  4266 | D:6      | Found a staircase to the Ecumenical Temple.
  4272 | D:6      | Bought a +6 ring of strength for 432 gold pieces
  4473 | D:6      | Found a basalt altar of Yredelemnul.
  4526 | D:6      | Noticed a troll
  4534 | D:6      | Killed a troll
  4535 | D:6      | Reached skill level 1 in Stealth
  4636 | D:6      | Found Galy's Antique Weapon Boutique.
  4651 | D:6      | Bought a battleaxe for 169 gold pieces
  4852 | D:6      | Found Buleol's Armour Boutique.
  4975 | D:6      | Acquired a +2 executioner's axe of flaming
  4993 | D:6      | Bought a +0 plate armour of poison resistance for 297 gold
                  | pieces
  5086 | D:7      | Reached XP level 9. HP: 54/75 MP: 8/8
  5457 | D:7      | Reached **** piety under Trog
  6413 | D:7      | Reached skill level 10 in Axes
  6468 | D:8      | Reached skill level 5 in Shields
  6500 | D:8      | Found a snail-covered altar of Cheibriados.
  6597 | D:8      | Noticed Gastronok
  6623 | D:8      | Killed Gastronok
  6624 | D:8      | Reached XP level 10. HP: 42/88 MP: 9/9
  6801 | D:8      | You fall into a shaft and drop 3 floors!
  6831 | D:10     | Entered Level 10 of the Dungeon
  6957 | D:8      | Found Woyholitt's Jewellery Emporium.
  7011 | D:8      | Reached ***** piety under Trog
  7378 | D:9      | Reached skill level 10 in Armour
  7393 | D:9      | Found a burning altar of Makhleb.
  7534 | D:9      | Found a staircase to the Lair.
  7615 | D:9      | Received a gift from Trog
  7700 | D:9      | Found Satwoph's One-of-a-Kind Rings.
  7970 | D:10     | Noticed Lodul
  7976 | D:10     | Reached XP level 11. HP: 95/95 MP: 10/10
  7978 | D:10     | Noticed Fannar
  7979 | D:10     | Killed Lodul
  8007 | D:10     | Killed Fannar
  8143 | D:10     | Reached skill level 15 in Axes
  8152 | D:10     | Found a bloodstained altar of Trog.
  8177 | D:10     | Found an ornate altar of the Wu Jian Council.
  8367 | D:10     | Found Nuedekku's Weapon Shop.
  8368 | D:10     | Found a staircase to the Orcish Mines.
  8377 | D:10     | Reached skill level 10 in Fighting
  8828 | D:11     | Found a portal to a secret trove of treasure.
  8923 | D:11     | Noticed a white ugly thing
  8930 | D:11     | Killed a white ugly thing
  9373 | D:12     | Reached XP level 12. HP: 108/108 MP: 11/11
  9428 | D:12     | Reached ****** piety under Trog
  9460 | D:12     | Found Xaovvile's General Store.
  9460 | D:12     | Noticed a two-headed ogre
  9466 | D:12     | Killed a two-headed ogre
  9658 | D:12     | Received a gift from Trog
  9979 | D:12     | Noticed a tengu warrior
  9986 | D:12     | Killed a tengu warrior
 10118 | D:13     | Reached skill level 5 in Dodging
 10188 | D:13     | Noticed a boulder beetle
 10207 | D:13     | Noticed a catoblepas
 10220 | D:13     | Killed a boulder beetle
 10390 | Lair:1   | Entered Level 1 of the Lair of Beasts
 10451 | Lair:1   | Noticed Harold
 10463 | Lair:1   | Killed Harold
 11312 | Lair:2   | Found a hole to the Spider Nest.
 11419 | Lair:2   | Reached XP level 13. HP: 118/118 MP: 12/12
 11756 | Lair:2   | Found a staircase to the Shoals.
 13189 | Lair:4   | Noticed Rupert
 13248 | Lair:3   | Killed Rupert
 13304 | Lair:4   | Noticed Kirke
 13334 | Lair:3   | Killed Kirke
 13656 | Lair:4   | Received a gift from Trog
 13711 | Lair:4   | Reached XP level 14. HP: 129/129 MP: 13/13
 13763 | Lair:4   | Noticed Snorg
 13770 | Lair:4   | Killed Snorg
 14013 | Lair:4   | Found a viscous altar of Jiyva.
 14014 | Lair:4   | Found a staircase to the Slime Pits.
 14261 | Lair:5   | Entered Level 5 of the Lair of Beasts
 14907 | Lair:5   | Found the +8 pair of quick blades "Gyre" and "Gimble"
                  | {protect}
 14931 | Lair:5   | Identified the +8 morningstar of Causality {freeze, rElec
                  | rC- Str+7}
 16052 | D:13     | Reached XP level 15. HP: 139/139 MP: 14/14
 16054 | D:13     | Identified the +4 short sword "Vieq" {heavy, rElec rPois
                  | Will++ Stlth-}
 16057 | D:13     | Reached skill level 15 in Fighting
 16061 | D:13     | Reached skill level 15 in Armour
 16090 | D:13     | Identified the +6 glaive of Bloodstone {heavy, rF- Int+6}
 16685 | D:14     | Received a gift from Trog
 17077 | D:14     | Found a gate to the Vaults.
 17443 | D:15     | Entered Level 15 of the Dungeon
 17632 | D:15     | Identified the +3 ring mail of the Shishi {rC+}
 18129 | D:15     | Found a staircase to the Depths.
 18684 | Orc:1    | Entered Level 1 of the Orcish Mines
 18776 | Orc:1    | Received a gift from Trog
 18943 | Orc:2    | Entered Level 2 of the Orcish Mines
 19109 | Orc:2    | Noticed Urug
 19120 | Orc:2    | Killed Urug
 19139 | Orc:2    | Found Dipixoaq's Antique Weapon Emporium.
 19169 | Orc:2    | Found Mumeicra's General Store.
 19270 | Orc:2    | Noticed Maurice
 19277 | Orc:2    | Killed Maurice
 19293 | Orc:2    | Found Himaigy's Antique Armour Emporium.
 19306 | Orc:2    | Received a gift from Trog
 19307 | Orc:2    | Reached XP level 16. HP: 151/155 MP: 15/15
 19307 | Orc:2    | Noticed Donald
 19318 | Orc:2    | Killed Donald
 19373 | Orc:2    | Found Lunaaras's Jewellery Emporium.
 19482 | Orc:2    | Found Cuetuar's Overcharged Wands.
 19517 | Orc:2    | Found a staircase to the Elven Halls.
 19818 | Spider:1 | Entered Level 1 of the Spider Nest
 20922 | Spider:2 | Noticed Asterion
 21014 | Spider:2 | Killed Asterion
 21063 | Spider:2 | You fall into a shaft and drop 1 floor!
 21187 | Spider:2 | Received a gift from Trog
 22284 | Spider:3 | Noticed Mlioglotl
 22289 | Spider:3 | Killed Mlioglotl
 23170 | Shoals:1 | Entered Level 1 of the Shoals
 23906 | Shoals:2 | Reached XP level 17. HP: 60/170 MP: 16/16
 24028 | Shoals:2 | Received a gift from Trog
 24682 | Shoals:3 | Found a runed translucent gate.
 24682 | Shoals:3 | Found a runed translucent gate.
 24682 | Shoals:3 | Found a runed translucent gate.
 24717 | Shoals:3 | Received a gift from Trog
 24923 | Shoals:3 | Paralysed by a formless jellyfish for 1 turns
 25355 | Shoals:2 | Found Nynithib's Jewellery Shoppe.
 25624 | Shoals:4 | Entered Level 4 of the Shoals
 25716 | Shoals:4 | Identified the +1 leather armour "Titicveb" {Rampage Dex+3
                  | Stlth+}
 25910 | Shoals:4 | Noticed Polyphemus
 25910 | Shoals:4 | Noticed Nikola
 25939 | Shoals:3 | Killed Polyphemus
 26030 | Shoals:3 | Received a gift from Trog
 26041 | Shoals:4 | Killed Nikola
 26763 | Shoals:4 | Noticed Louise
 26798 | Shoals:4 | Killed Louise
 27055 | Shoals:4 | Reached XP level 18. HP: 185/185 MP: 17/17
 27177 | Shoals:4 | Got a barnacled rune of Zot
 27448 | Spider:4 | Entered Level 4 of the Spider Nest
 27642 | Spider:4 | Received a gift from Trog
 29196 | Spider:4 | Got a gossamer rune of Zot
 29434 | Shoals:2 | Bought a ring of willpower for 425 gold pieces
 29619 | Crypt:3  | Identified the of Tip Cuew
 29619 | Depths:3 | Identified the "Mosobbyc"
 29619 | Elf:1    | Entered Level 1 of the Elven Halls
 30174 | Elf:1    | Received a gift from Trog
 30917 | Elf:1    | Paralysed by an air elemental for 1 turns
 30956 | Elf:1    | Received a gift from Trog
 31727 | Elf:2    | Found a runed translucent gate.
 31731 | Elf:2    | Found a runed translucent gate.
 31731 | Elf:2    | Found a runed translucent gate.
 31944 | Elf:2    | Reached XP level 19. HP: 200/200 MP: 18/18
 32405 | Elf:2    | Received a gift from Trog
 32425 | Elf:2    | HP: 6/200 [+5 long sword of holy wrath (15)]
 32425 | Elf:2    | Demolished by a +4 glaive of flaming

Illustrated notes

Levels and vault maps discovered:
D:1:      scummos_arrival_checkerplants, layout_loops_cross
D:2:      layout_basic, basic_altar, chequers_serial_rivers_room_b
D:3:      layout_loops_cross, shapermc_ecumenical_altar_hornbeckon,
          hangedman_decor_growths, grunt_ministairs_12, uniq_terence
D:4:      layout_rooms
D:5:      layout_loops_cross, serial_park_tiny_1
D:6:      layout_loops_corners, kennysheep_mini,
          minmay_temple_entry_butterflies, serial_shops,
          nicolae_shop_tiny_waterfront, nicolae_shop_tiny_real_fake_doors,
          nicolae_shop_overgrown_old_shop, nicolae_shop_pleasant_corner_grove,
          nicolae_shop_behind_doors
D:7:      layout_layer_cave, enter_bailey_7
D:8:      layout_rooms, amcnicky_altar_gilded, serial_shops,
          nicolae_shop_gaudy_bauble, uniq_gastronok
D:9:      layout_irregular_city, mainiacjoe_overflow_six_doors_small,
          david_lair_shrubbed, chequers_hall_statues_corner_a, minivault_10,
          nicolae_shop_unique_rings
D:10:     layout_loops_ring, mainiacjoe_overflow_catch_the_wave, orc_david_3,
          uniq_lodul, uniq_fannar
D:11:     layout_roguey, enter_trove_6
D:12:     layout_loops_ring, special_room [special_room_orc],
          kennysheep_windowed_goal
D:13:     minmay_the_grid_octo_tiled_octocenter [minmay_the_grid_octo_horde,
          minmay_the_grid_octo_concentric, minmay_the_grid_octo_focus,
          minmay_the_grid_octo_chip, minmay_the_grid_octo_prize_single_spiral,
          minmay_the_grid_square_5x5_inset, minmay_the_grid_square_5x5_dogpile,
          minmay_the_grid_square_5x5_detours,
          minmay_the_grid_square_5x5_intrusive_squares], layout_loops_cross
D:14:     minmay_stone_box, layout_loops_ring,
          hellmonk_vaults_attempted_burglary, minmay_misc_feat_rows,
          st_stairs_12
D:15:     grunt_enter_depths_magical_seal, layout_basic
Lair:1:   layout_cave_shapes, patterned_corridor, infiniplex_staircase_pool_2,
          uniq_harold
Lair:2:   layout_gridlike, elwin_shoals_entry_rooms,
          hellmonk_spider_entry_not_the_bees
Lair:3:   dragon1_lemuel, layout_cellular_growth, minmay_lair_oklob_bushes,
          serial_bayou_shore_a
Lair:4:   layout_gridlike, dpeg_slime_entry_enclosed, nicolae_lair_yak_garden,
          uniq_kirke, uniq_snorg, uniq_rupert
Lair:5:   grunt_lair_end_beastmaster, layout_gridlike, serial_forest,
          infiniplex_forest_zigzag_2, infiniplex_forest_lined_room_2,
          infiniplex_forest_clump_small, infiniplex_forest_fountain,
          infiniplex_forest_straight_2, infiniplex_forest_lined_2,
          infiniplex_forest_clump_long, infiniplex_forest_clump_diagonal,
          infiniplex_forest_lined_2, grunt_megastairs_5
Shoals:1: layout_shoals
Shoals:2: layout_shoals, serial_shops, shop
Shoals:3: layout_shoals, nicolae_shoals_beach_cooler
Shoals:4: shoals_end_grunt_ice, layout_shoals, nicolae_shoals_wave_tunnel,
          uniq_louise, uniq_nikola, uniq_polyphemus
Spider:1: layout_spider_delve, hangedman_spider_tarantella_strand
Spider:2: layout_spider_delve, uniq_asterion
Spider:3: layout_cave_pods, uniq_mlioglotl
Spider:4: spider_rune_water
Orc:1:    layout_caves, elves_outpost_lemuel
Orc:2:    grunt_orc_cross, layout_caves, nicolae_shop_overcharged_wands,
          uniq_donald, uniq_maurice
Elf:1:    elf_arrival_002, layout_gridlike, special_room [special_room_orc],
          hangedman_elf_disciples
Elf:2:    nicolae_elf_blades_crystal_corner, layout_onion_city,
          grunt_ministairs_1

Skill      XL: |  1  2  3  4  5  6  7  8  9 10 11 12 13 14 15 16 17 18 |
---------------+-------------------------------------------------------+-----
Axes           | 4 5 6 7 9 12 14 16 19 21 22 24 | 24.0
Fighting       | 4 5 6 8 10 12 13 14 17 20 22 24 | 24.7
Armour         | 3 4 5 6 7 9 10 11 12 13 14 15 17 19 21 | 21.3
Dodging        | 3 4 5 6 7 |  7.1
Shields        | 1 3 4 5 |  5.0
Stealth        | 1 2 3 |  3.0
Evocations     | |  0.5

Action                     |  1- 3 |  4- 6 |  7- 9 | 10-12 | 13-15 | 16-18 | 19-21 || total
---------------------------+-------+-------+-------+-------+-------+-------+-------++-------
  Melee: Hand axe          |    65 |    76 |    63 |       |       |       |       ||   204
         Headbutt          |     8 |    11 |    22 |    54 |   131 |   179 |     6 ||   411
         Kick              |     6 |    19 |    46 |    85 |    10 |       |       ||   166
         Punch             |     1 |     1 |       |       |       |       |       ||     2
         War axe           |       |       |    65 |       |       |       |       ||    65
         Executioner's axe |       |       |    83 |   330 |   688 |  1103 |    26 ||  2230
 Invoke: Berserk           |     1 |       |     1 |     6 |     8 |    20 |     1 ||    37
         Trog's Hand       |       |       |       |       |       |     1 |       ||     1
  Evoke: Wand              |       |       |       |       |       |     1 |       ||     1
         Condenser vane    |       |       |       |       |       |       |     1 ||     1
    Use: Scroll            |     5 |     5 |     5 |     9 |     8 |    13 |     3 ||    48
         Potion            |     5 |     2 |       |       |       |     8 |     1 ||    16
   Stab: Petrifying        |       |       |       |     1 |       |       |       ||     1
         Petrified         |       |       |       |       |     3 |       |       ||     3
 Armour: Animal skin       |     2 |       |       |       |       |       |       ||     2
         Scale mail        |    50 |    57 |    95 |       |       |       |       ||   202
         Robe              |     4 |       |       |       |       |       |       ||     4
         Plate armour      |       |       |   121 |   366 |   921 |  1928 |   106 ||  3442
  Dodge: Dodged            |    52 |    33 |   128 |   161 |   368 |   741 |    22 ||  1505
  Block: Tower shield      |       |    35 |    72 |       |       |       |       ||   107

Table legend: (Time is in decaauts)
 A = Elapsed time spent in this place.
 B = Non-inter-level travel time spent in this place.
 C = Inter-level travel time spent in this place.
 D = Time resting spent in this place.
 E = Time spent auto-exploring this place.
 F = Levels seen in this place.
 G = Mean time per level.
                   A        B        C        D        E       F      G
               +--------+--------+--------+--------+--------+-----+--------+
         Total |  33917 |  31758 |   2159 |     79 |  20047 |  32 | 1059.9 |
       Dungeon |  13755 |  12920 |    835 |      0 |   9669 |  15 |  917.0 |
          Lair |   5529 |   5088 |    441 |      0 |   3759 |   5 | 1105.8 |
        Shoals |   4922 |   4528 |    394 |      0 |   2786 |   4 | 1230.5 |
   Spider Nest |   5619 |   5318 |    301 |     19 |   2871 |   4 | 1404.8 |
  Orcish Mines |   1296 |   1212 |     84 |      0 |    745 |   2 |  648.0 |
   Elven Halls |   2794 |   2692 |    102 |     60 |    215 |   2 | 1397.0 |
               +--------+--------+--------+--------+--------+-----+--------+

Top non-repeatable levels by time:
Shoals:4: 1722 daAuts
   Elf:1: 1663 daAuts
Spider:3: 1631 daAuts
Spider:4: 1512 daAuts
     D:7: 1428 daAuts
Spider:2: 1354 daAuts
Shoals:3: 1240 daAuts
  Lair:2: 1226 daAuts
    D:13: 1207 daAuts
  Lair:5: 1176 daAuts
   Elf:2: 1130 daAuts
     D:6: 1123 daAuts
     D:5: 1123 daAuts
Spider:1: 1120 daAuts
    D:15: 1104 daAuts
